 Dungeon Crawl Stone Soup version 0.29.1-1-gd02db6906a (webtiles) character file.

Game seed: 5625238009237890611

1113 RascalDebosk the Conjurer (level 8, -2/41 HPs)
             Began as a Deep Elf Conjurer on Oct 8, 2022.
             Was a Follower of Vehumet.
             Slain by Pikel
             ... wielding a +0 whip of flaming
              (5 damage)
             ... on level 5 of the Dungeon.
             The game lasted 00:38:25 (5496 turns).

RascalDebosk the Conjurer (Deep Elf Conjurer)       Turns: 5496, Time: 00:38:26

Health: -2/41      AC:  4    Str:  4    XL:     8   Next: 11%
Magic:  2/19       EV: 12    Int: 26    God:    Vehumet [*.....]
Gold:   145        SH:  0    Dex: 13    Spells: 0/19 levels left

rFire   . . .      SeeInvis +   r - +4 dagger (elec)
rCold   . . .      Faith    .   (no shield)
rNeg    . . .      Spirit   .   a - +0 robe
rPois   .          Reflect  .   (no helmet)
rElec   .          Harm     .   j - +0 cloak
rCorr   .          Rampage  .   w - +0 pair of gloves
Will    .....                   (no boots)
Stlth   +++.......              (no amulet)
HPRegen 0.13/turn               m - ring of see invisible
MPRegen 0.16/turn               (no ring)

@: no status effects
A: no striking features
a: Renounce Religion


You were on level 5 of the Dungeon.
You worshipped Vehumet.
Vehumet was aware of your devotion.
You visited 2 branches of the dungeon, and saw 6 of its levels.

You collected 145 gold pieces.

Inventory:

Hand Weapons
 r - a +4 dagger of electrocution (weapon)
 s - a +0 dagger
Armour
 a - a +0 robe (worn)
 j - a +0 cloak (worn)
 w - a +0 pair of gloves (worn)
Magical Staves
 y - a staff of death
Jewellery
 m - a ring of see invisible (left hand)
 u - a ring of ice
Wands
 t - a wand of flame (25)
Scrolls
 c - a scroll of butterflies {unknown}
 d - a scroll of enchant weapon {unknown}
 e - 5 scrolls of teleportation {unknown}
 i - a scroll of poison {unknown}
 k - a scroll of enchant armour {unknown}
 n - 2 scrolls of identify {unknown}
 o - a scroll of amnesia {unknown}
 p - 2 scrolls of noise {unknown}
 q - a scroll of fear {unknown}
 x - a scroll of immolation {unknown}
Potions
 b - a potion of magic
 f - a potion of berserk rage {unknown}
 g - 3 potions of haste {unknown}
 h - a potion of curing {unknown}
 l - a potion of might {unknown}
 v - 2 potions of heal wounds {unknown}


   Skills:
 - Level 3.0 Dodging
 - Level 5.5 Stealth
 + Level 6.3 Spellcasting
 + Level 6.5 Conjurations
 + Level 5.2 Hexes
 + Level 4.4 Translocations


You couldn't memorise any spells.
You knew the following spells:

 Your Spells              Type           Power      Damage    Failure   Level
a - Magic Dart            Conj           100%       1d8       1%          1
b - Searing Ray           Conj           84%        2d7       1%          2
c - Iskenderun's Mystic   Conj/Tloc      36%        2d9       7%          4
d - Fulminant Prism       Conj/Hex       19%        3d11      6%          4
e - Manifold Assault      Tloc           31%        N/A       30%         5
f - Foxfire               Conj/Fire      100%       2x1d9     1%          1
g - Passwall              Tmut/Erth      6%         N/A       10%         2

Your spell library contained the following spells:

 Spells                   Type           Power      Damage    Failure   Level
 Blink                    Tloc           62%        N/A       1%          2
 Dazzling Flash           Conj/Hex       78%        N/A       1%          3
 Ensorcelled Hibernation  Hex/Ice        44%        N/A       3%          2
 Lesser Beckoning         Tloc           31%        N/A       3%          3
 Stone Arrow              Conj/Erth      50%        3d10      5%          3
 Sandblast                Erth           16%        2d6       7%          1
 Scorch                   Fire           16%        2d5       10%         2
 Passage of Golubria      Tloc           31%        N/A       11%         4
 Flame Wave               Conj/Fire      25%        2d8       17%         4
 Spider Form              Tmut/Pois      8%         N/A       21%         3
 Anguish                  Hex/Necr       11%        N/A       22%         4
 Silence                  Hex/Air        11%        N/A       54%         5
 Summon Cactus Giant      Summ           4%         N/A       100%        6
 Lehudib's Crystal Spear  Conj/Erth      12%        10d4      100%        8


Dungeon Overview and Level Annotations

Branches:
Dungeon (5/15)             Temple (1/1) D:4

Altars:
Ashenzari
Cheibriados
Dithmenos
Gozag
Hepliaklqana
Kikubaaqudgha
Makhleb
Nemelex Xobeh
Okawaru
Ru
Sif Muna
Trog
Uskayaw
Vehumet
Xom
Yredelemnul
The Shining One

Annotations:
D:5 Blork the orc, Pikel


Message History

The blast of energy engulfs Menkaure!!
Menkaure is almost destroyed.
Aiming: Magic Dart (safe; 1% risk of failure)
Press: ? - help, Q - select action, (/) - cycle Shift-Dir - straight line, f - Menkaure
Aim: Menkaure (almost destroyed, 100% to hit)
The magic dart hits Menkaure but does no damage.
Menkaure is almost destroyed.
* * * LOW MAGIC WARNING * * *
Aiming: Magic Dart (safe; 1% risk of failure)
Press: ? - help, Q - select action, (/) - cycle Shift-Dir - straight line, f/p - Menkaure
Aim: Menkaure (almost destroyed, 100% to hit)
The magic dart hits Menkaure.
You destroy Menkaure!
Vehumet accepts your kill.
* * * LOW MAGIC WARNING * * *
You have reached level 8!
You feel clever.
Memorise Passwall, consuming 2 spell levels and leaving 0?
You start memorising the spell.
You continue memorising. x2
You finish memorising.
Spell assigned to 'g'.
You start resting.
A lemure comes into view.
Pikel, Merchant of Souls comes into view.
He is wielding a +0 whip of flaming and carrying a wand of charming (1).
Casting: Magic Dart (safe; 1% risk of failure)
Confirm with . or Enter, or press ? or * to list all spells.
You can't see any susceptible monsters within range! (Use Z to cast anyway.) Unknown command.
Casting: Magic Dart (safe; 1% risk of failure)
Confirm with . or Enter, or press ? or * to list all spells.
The spell is quite dangerous to miscast (6% risk of failure)!
Continue anyway?
Aiming: Fulminant Prism (quite dangerous; 6% risk of failure)
Press: ? - help, Dir - move target You conjure a prism of explosive energy!
Pikel shouts!
The lemure shouts!
* * * LOW MAGIC WARNING * * *
A fulminant prism comes into view.
A lemure comes into view. x2
Pikel zaps a wand.
Your will is overpowered!
You are confused.
The now-empty wand crumbles to dust.
Your fulminant prism crackles loudly.
Your fulminant prism explodes!
The blast of energy engulfs Pikel.
Pikel is lightly wounded.
The blast of energy engulfs the lemure!
The lemure is moderately wounded.
You bump into the rock wall.
Pikel hits you with a +0 whip of flaming!
Pikel burns you. Pikel attacks as you move away!
Pikel hits you with a +0 whip of flaming.
Pikel burns you.
You feel less confused.
You hit Pikel.
Pikel is lightly wounded.
Pikel hits you with a +0 whip of flaming!
* * * LOW HITPOINT WARNING * * *
Pikel burns you.
* * * LOW HITPOINT WARNING * * *
Casting: Fulminant Prism (quite dangerous; 6% risk of failure)
Confirm with . or Enter, or press ? or * to list all spells.
The spell is quite dangerous to miscast (7% risk of failure)!
Continue anyway?
You erupt in a blast of force!
The mystic blast hits the lemure!
The lemure is heavily wounded.
The lemure is knocked back by the mystic blast.
The lemure collides with the lemure!
The lemure is heavily wounded.
The lemure is severely wounded.
The mystic blast hits Pikel.
Pikel is moderately wounded.
Pikel is knocked back by the mystic blast.
Pikel slams into the rock wall!
Pikel is moderately wounded.
* * * LOW MAGIC WARNING * * *
You hear a shout!
Casting: Iskenderun's Mystic Blast (quite dangerous; 7% risk of failure)
Confirm with . or Enter, or press ? or * to list all spells.
Okay, then.
Casting: Iskenderun's Mystic Blast (quite dangerous; 7% risk of failure)
Confirm with . or Enter, or press ? or * to list all spells.
You conjure some foxfire!
* * * LOW MAGIC WARNING * * *
Casting: Foxfire (safe; 1% risk of failure)
Confirm with . or Enter, or press ? or * to list all spells.
You conjure some foxfire!
* * * LOW MAGIC WARNING * * *
The foxfire hits the lemure.
The lemure is severely wounded.
Pikel says, "Asmodeus and me are pals.
He gave me this whip."
The foxfire hits the lemure.
The lemure is almost dead.
A lemure comes into view.
Casting: Foxfire (safe; 1% risk of failure)
Confirm with . or Enter, or press ? or * to list all spells.
You conjure some foxfire!
* * * LOW MAGIC WARNING * * *
Pikel hits you with a +0 whip of flaming!
* * * LOW HITPOINT WARNING * * *
Pikel burns you.
You die...

#......##
.....5v§.#######..
.....$....§......#
##........§#.....###
.......##§##.#..#.#. .
#...#)##§##.##....... ##
#...#.5#§#..#...##..##..
#. #5.K#§#.....##..##...
. ##.5@v#..............
##vv§..............<
####..................
##.....................
#.........###..<.......
##.....................
####....#.............
##..##............#
#..###.............


You could see Pikel and 4 lemures.

Vanquished Creatures
  Menkaure (D:5)
  An ice beast (D:4)
  An ogre (D:5)
  A phantom (D:4)
  A scorpion (D:4)
  A water moccasin zombie (D:4)
  4 wights (D:4)
  A howler monkey (D:5)
  A centaur zombie (D:4)
  A jelly (D:3)
  A human zombie (D:4)
  An orc priest (D:4)
  Jessica (D:2)
  Natasha (thrice) (D:4)
  2 mummies (D:4)
  4 adders
  2 adder zombies (D:4)
  A worm (D:4)
  A dart slug (D:1)
  8 orcs (D:4)
  6 endoplasms
  2 giant cockroaches (D:1)
  11 goblins
  5 hobgoblins
  7 jackals
  3 quokkas
  4 ball pythons
  5 bats
  2 frilled lizards
  7 kobolds
  A quokka zombie (D:4)
  5 rats
95 creatures vanquished.

Vanquished Creatures (others)
  A foxfire (D:5)
  6 fulminant prisms
7 creatures vanquished.

Grand Total: 102 creatures vanquished

Notes
Turn   | Place    | Note
-------+----------+-------------------------------------------
     0 | D:1      | RascalDebosk the Deep Elf Conjurer began the quest for the
                  | Orb.
     0 | D:1      | Reached XP level 1. HP: 10/10 MP: 6/6
   178 | D:1      | Reached XP level 2. HP: 14/15 MP: 0/8
   195 | D:1      | Learned a level 2 spell: Searing Ray
   711 | D:1      | Found a faded altar of an unknown god.
  1017 | D:2      | Reached skill level 1 in Hexes
  1036 | D:2      | Reached XP level 3. HP: 19/19 MP: 5/9
  1306 | D:2      | Noticed Jessica
  1308 | D:2      | Killed Jessica
  1309 | D:2      | Reached skill level 1 in Translocations
  1309 | D:2      | Reached XP level 4. HP: 24/24 MP: 8/11
  1837 | D:3      | Learned a level 4 spell: Iskenderun's Mystic Blast
  2153 | D:3      | Reached skill level 5 in Conjurations
  2299 | D:3      | Reached XP level 5. HP: 28/28 MP: 10/13
  2644 | D:3      | Learned a level 4 spell: Fulminant Prism
  2826 | D:4      | Found a staircase to the Ecumenical Temple.
  2835 | D:4      | Noticed Natasha
  2841 | Temple   | Entered the Ecumenical Temple
  2922 | Temple   | Became a worshipper of Vehumet
  2938 | D:4      | Killed Natasha
  3253 | D:4      | Noticed an ice beast
  3263 | D:4      | Killed an ice beast
  3264 | D:4      | Reached XP level 6. HP: 15/32 MP: 1/14
  3516 | D:4      | Noticed Natasha
  3527 | D:4      | Killed Natasha
  3648 | D:4      | Noticed Natasha
  3652 | D:4      | Killed Natasha
  3854 | D:4      | Reached skill level 5 in Spellcasting
  4405 | D:4      | Reached XP level 7. HP: 30/36 MP: 6/16
  4588 | D:4      | Reached skill level 5 in Stealth
  4936 | D:4      | Reached * piety under Vehumet
  4936 | D:4      | Offered knowledge of Foxfire by Vehumet.
  4943 | D:4      | Learned a level 5 spell: Manifold Assault
  4945 | D:4      | Learned a level 1 spell: Foxfire
  4946 | D:4      | Found a basalt altar of Yredelemnul.
  5327 | D:5      | Entered Level 5 of the Dungeon
  5369 | D:5      | Noticed Blork the orc
  5415 | D:5      | Noticed Menkaure
  5446 | D:5      | Reached skill level 5 in Hexes
  5450 | D:5      | Killed Menkaure
  5451 | D:5      | Reached XP level 8. HP: 41/41 MP: 5/19
  5454 | D:5      | Learned a level 2 spell: Passwall
  5484 | D:5      | Noticed Pikel
  5496 | D:5      | Slain by Pikel

Illustrated notes

Levels and vault maps discovered:
D:1:      lightli_arrival_boilingwater, layout_loops_cross,
          ebering_ecumenical_altar_mist, minivault_4
D:2:      layout_basic, uniq_jessica
D:3:      layout_rooms
D:4:      layout_rooms, lemuel_mausoleum_altar_yredelemnul,
          minmay_temple_entry_crystal_x, uniq_natasha
D:5:      layout_cave_pools, uniq_duvessa, uniq_menkaure, uniq_eustachio,
          uniq_blork_the_orc, uniq_pikel
Temple:   eino_temple_rhombus

Skill      XL: |  1  2  3  4  5  6  7 |
---------------+----------------------+-----
Hexes          | 1 2 3 5 |  5.2
Dodging        | 3 |  3.0
Stealth        | 3 4 5 |  5.5
Translocations | 1 2 3 4 |  4.4
Spellcasting   | 4 5 6 |  6.3
Conjurations   | 5 6 |  6.5

Action                   |  1- 3 |  4- 6 |  7- 9 || total
-------------------------+-------+-------+-------++-------
Melee: Dagger            |     4 |    11 |    22 ||    37
 Cast: Magic Dart        |    48 |   109 |    18 ||   175
       Searing Ray       |     2 |     6 |     3 ||    11
       Fulminant Prism   |       |     2 |     4 ||     6
       Iskenderun's Myst |       |     1 |    11 ||    12
       Foxfire           |       |       |     3 ||     3
  Use: Potion            |       |       |     1 ||     1
 Stab: Sleeping          |       |       |     3 ||     3
Armor: Robe              |       |    16 |     1 ||    17
Dodge: Dodged            |     3 |    27 |    11 ||    41
